 Dungeon Crawl Stone Soup version 0.29-a0-841-g116ddc6ace (webtiles) character file.

Game seed: 2538197922088764242

1 Spectrina the Sneak (level 1, -1/13 HPs)
             Began as a Vampire Delver on July 15, 2022.
             Slain by a hound (3 damage)
             ... on level 4 of the Dungeon.
             The game lasted 00:00:17 (26 turns).

Spectrina the Sneak (Vampire Delver)                  Turns: 26, Time: 00:00:17

Health: -1/13      AC:  3    Str: 11    XL:     1   Next: 16%
Magic:  1/1        EV: 12    Int: 12    God:
Gold:   0          SH:  0    Dex: 15    Spells: 0/0 levels left

rFire   . . .      SeeInvis +   a - +0 short sword
rCold   + + .      Faith    .   (no shield)
rNeg    + + +      Spirit   .   b - +0 leather armour
rPois   ∞          Reflect  .   (no helmet)
rElec   .          Harm     .   (no cloak)
rCorr   .          Rampage  .   (no gloves)
Will    .....                   (no boots)
Stlth   +++++.....              (no amulet)
HPRegen 0.00/turn               (no ring)
MPRegen 0.07/turn               (no ring)

@: bloodless, inhibited regen, hasted, very quick
A: bloodless, fangs 3, see invisible, vampiric 1
a: Revivify


You were on level 4 of the Dungeon.
You visited 1 branch of the dungeon, and saw 2 of its levels.

Inventory:

Hand Weapons
 a - a +0 short sword (weapon)
Armour
 b - a +0 leather armour (worn)
Wands
 g - a wand of digging (3)
Scrolls
 c - a scroll of fog
 d - a scroll of magic mapping
 e - a scroll of fear


   Skills:
 - Level 2.6 Fighting
 + Level 2.2 Short Blades
 - Level 2.1 Dodging
 + Level 7.3 Stealth


You couldn't memorise any spells.
You didn't know any spells.
Your spell library was empty.

Dungeon Overview and Level Annotations

Branches:
Dungeon (5/15)
 Temple: D:4-7

Altars:


Innate Abilities, Weirdness & Mutations

You do not regenerate when monsters are visible.
You are frail without blood (-20% HP).
You can heal yourself when you bite living creatures.
You are immune to poison.
You have razor-sharp teeth.
You have supernaturally acute eyesight. (SInv)
You are afflicted with vampirism.


Message History

Adjust to which letter? i - Exsanguinate You begin bloodletting.
You continue bloodletting. x5
HP restored.
You become bloodless.
Adjust (i)tems, (s)pells, or (a)bilities?
Adjust which ability? f - Revivify Adjust to which letter? y - Revivify
There is an escape hatch in the ceiling here.
A mysterious force pulls you upwards. The hatch slams shut behind you.
You closely miss the kobold.
The kobold shouts!
The kobold closely misses you.
You hit the kobold.
You kill the kobold!
Things that are here:
a +0 whip; a kobold corpse You open the door.
A hound and 2 kobolds come into view.
A ball python comes into view.
The ball python moves out of view.
There is an open door here.
The hound barks!
The kobold shouts! x2; You hear an angry hiss.
The hound bites you but does no damage. The hound bites you.
Unknown command.
The kobold throws a stone.
The stone closely misses you.
There is an open door here.
The hound barely misses you.
You feel yourself speed up. The hound bites you.
Unknown command.
You hit the hound but do no damage. You bite the hound.
You draw the hound's blood!
You feel better.
The hound is lightly wounded.
The hound bites you.
* * * LOW HITPOINT WARNING * * *
You hit the hound.
The hound is moderately wounded.
The hound bites you.
You die...

#....#........
#....#........
....#........
#...#........
##...#........
+....#........
#....#........
#..).h.....###
#...@#.....#
##....#.....#
#.....#....K#
#.....#.....#
#.....#S....#
###...#.....#
#...#.....#
#...# #...#


You could see a hound.

Vanquished Creatures
  A kobold (D:4)
1 creature vanquished.

Notes
Turn   | Place    | Note
-------+----------+-------------------------------------------
     0 | D:5      | Spectrina the Vampire Delver began the quest for the Orb.
     0 | D:5      | Reached XP level 1. HP: 17/17 MP: 1/1
    19 | D:4      | Noticed a hound
    26 | D:4      | Slain by a hound

Illustrated notes

Levels and vault maps discovered:
D:4:      layout_gridville
D:5:      layout_basic

Action                   || total
-------------------------++-------
Melee: Short sword       ||     4
       Bite              ||     1
 Abil: Exsanguinate      ||     1
  Use: Potion            ||     1
Armor: Leather armour    ||     1
Dodge: Dodged            ||     3

Table legend: (Time is in decaauts)
 A = Elapsed time spent in this place.
 B = Non-inter-level travel time spent in this place.
 C = Inter-level travel time spent in this place.
 D = Time resting spent in this place.
 E = Time spent auto-exploring this place.
 F = Levels seen in this place.
 G = Mean time per level.
                   A        B        C        D        E       F      G
               +--------+--------+--------+--------+--------+-----+--------+
         Total |     25 |     25 |      0 |      0 |      0 |   2 |   12.5 |
       Dungeon |     25 |     25 |      0 |      0 |      0 |   2 |   12.5 |
               +--------+--------+--------+--------+--------+-----+--------+

Top non-repeatable levels by time:
     D:4: 16 daAuts
     D:5: 9 daAuts
